MWL (24 & UNDER)
WISCONSIN RAPIDS RANGERS @ BARRY'S BAY ORIOLES
06/19/2027
 
TOP OF THE 1ST
Wisconsin Rapids Rangers batting - Pitching for Barry's Bay Orioles : RHP Tim Osborne
Pitching: RHP Tim Osborne
Batting: SHB José González 0-0: Fly out, F8 (Line Drive, 78M)
Batting: LHB Javier Mejía 0-0: Called Strike
0-1: Ball
1-1: Ball
2-1: Ball
3-1: Called Strike
3-2: Base on Balls
Batting: LHB Luis Rodríguez 0-0: Called Strike
0-1: Ball
1-1: Ball
2-1: Ball
3-1: Foul Ball, location: 2F
3-2: Strikes out swinging
Batting: SHB Jacob Wilcox 0-0: Called Strike
0-1: Fly out, F7 (Flyball, 7)
Top of the 1st over - 0 run(s), 0 hit(s), 0 error(s), 1 left on base; Wisconsin Rapids 0 - Barry's Bay 0
BOTTOM OF THE 1ST
Barry's Bay Orioles batting - Pitching for Wisconsin Rapids Rangers : RHP Juan Contreras
Pitching: RHP Juan Contreras
Batting: RHB Bill Pike 0-0: Called Strike
0-1: Called Strike
0-2: Ball
1-2: Ball
2-2: Ball
3-2: Strikes out swinging
Batting: SHB Terry Christian 0-0: Foul Ball, location: 2F
0-1: Ball
1-1: Hit by Pitch
Batting: LHB Manuel Pérez 0-0: Fly out, F7 (Flyball, 7LM)
Batting: LHB José Rodríguez 0-0: Called Strike
0-1: Swinging Strike
0-2: Ball
1-2: Ball
2-2: Ball
3-2: Foul Ball, location: 2F
3-2: Strikes out looking
Bottom of the 1st over - 0 run(s), 0 hit(s), 0 error(s), 1 left on base; Wisconsin Rapids 0 - Barry's Bay 0
TOP OF THE 2ND
Wisconsin Rapids Rangers batting - Pitching for Barry's Bay Orioles : RHP Tim Osborne
Batting: RHB Miguel Toro 0-0: Swinging Strike
0-1: Swinging Strike
0-2: Strikes out swinging
Batting: RHB Luis López 0-0: SINGLE (Line Drive, 6MD)
Batting: LHB Ronald Gordon 0-0: Ball
1-0: Ball
2-0: Called Strike
2-1: 2-RUN HOME RUN (Flyball, 7D), Distance : 339 ft
Batting: SHB Martín Medina 0-0: Ball
1-0: Ball
2-0: Called Strike
2-1: Ball
3-1: Fly out, F6 (Line Drive, 6)
Batting: RHB Carlos Miranda 0-0: Called Strike
0-1: Swinging Strike
0-2: Foul Ball, location: 2F
0-2: Ball
1-2: Foul Ball, location: 2F
1-2: Ball
2-2: Strikes out swinging
Top of the 2nd over - 2 run(s), 2 hit(s), 0 error(s), 0 left on base; Wisconsin Rapids 2 - Barry's Bay 0
BOTTOM OF THE 2ND
Barry's Bay Orioles batting - Pitching for Wisconsin Rapids Rangers : RHP Juan Contreras
Batting: RHB Jesús Castillo 0-0: Ball
1-0: Called Strike
1-1: Ball
2-1: Called Strike
2-2: Foul Ball, location: 2F
2-2: Ball
3-2: Foul Ball, location: 2F
3-2: Base on Balls
Batting: RHB Troy González 0-0: Foul Ball, location: 2F
0-1: Swinging Strike
0-2: Ball
1-2: Foul Ball, location: 2F
1-2: Ball
2-2: Grounds into double play, 4-6-3 (Groundball, 4)
Batting: RHB Santiago Rivera 0-0: SINGLE (Flyball, 8RS)
Batting: RHB Octávio Aldeguer 0-0: Called Strike
0-1: Ball
1-1: Called Strike
1-2: Strikes out swinging
Bottom of the 2nd over - 0 run(s), 1 hit(s), 0 error(s), 1 left on base; Wisconsin Rapids 2 - Barry's Bay 0
TOP OF THE 3RD
Wisconsin Rapids Rangers batting - Pitching for Barry's Bay Orioles : RHP Tim Osborne
Batting: SHB José González 0-0: Called Strike
0-1: Fly out, F6 (Line Drive, 6M)
Batting: LHB Javier Mejía 0-0: Ball
1-0: Foul Ball, location: 2F
1-1: Ball
2-1: Swinging Strike
2-2: Foul Ball, location: 2F
2-2: Strikes out looking
Batting: LHB Luis Rodríguez 0-0: Ball
1-0: Ball
2-0: Called Strike
2-1: Ball
3-1: Called Strike
3-2: Ground out U3 (Groundball, 3L)
Top of the 3rd over - 0 run(s), 0 hit(s), 0 error(s), 0 left on base; Wisconsin Rapids 2 - Barry's Bay 0
BOTTOM OF THE 3RD
Barry's Bay Orioles batting - Pitching for Wisconsin Rapids Rangers : RHP Juan Contreras
Batting: LHB Ryan Rheaume 0-0: Ball
1-0: Foul Ball, location: 2F
1-1: Called Strike
1-2: Strikes out looking
Batting: RHB Bill Pike 0-0: Ball
1-0: Swinging Strike
1-1: Ball
2-1: Foul Ball, location: 2F
2-2: SINGLE (Line Drive, 7LS)
Batting: SHB Terry Christian 0-0: Ball
1-0: Grounds into double play, 5-4-3 (Groundball, 5)
Bottom of the 3rd over - 0 run(s), 1 hit(s), 0 error(s), 0 left on base; Wisconsin Rapids 2 - Barry's Bay 0
TOP OF THE 4TH
Wisconsin Rapids Rangers batting - Pitching for Barry's Bay Orioles : RHP Tim Osborne
Batting: SHB Jacob Wilcox 0-0: Ball
1-0: Swinging Strike
1-1: Swinging Strike
1-2: Strikes out looking
Batting: RHB Miguel Toro 0-0: Ball
1-0: Called Strike
1-1: Foul Ball, location: 2F
1-2: Ball
2-2: SINGLE (Line Drive, 78S)
Batting: RHB Luis López 0-0: Ball
1-0: Ball
2-0: Foul Ball, location: 2F
2-1: 2-RUN HOME RUN (Flyball, 7LD), Distance : 327 ft
Batting: LHB Ronald Gordon 0-0: Ball
1-0: Called Strike
1-1: Ball
2-1: Ball
3-1: Base on Balls
Batting: SHB Martín Medina 0-0: Ball
1-0: Ball
Wild Pitch!
Ronald Gordon to second
2-0: Ball
3-0: Called Strike
3-1: Foul Ball, location: 2F
3-2: Base on Balls
Batting: RHB Carlos Miranda 0-0: Ball
1-0: Called Strike
1-1: Ball
2-1: Foul Ball, location: 2F
2-2: Ball
3-2: Foul Ball, location: 2F
3-2: Base on Balls
Ronald Gordon to third
Martín Medina to second
Batting: SHB José González 0-0: Ball
1-0: Foul Ball, location: 2F
1-1: Called Strike
1-2: Foul Ball, location: 2F
1-2: Ball
2-2: Foul Ball, location: 2F
2-2: Strikes out swinging
Pitching: RHP Jesús López
Batting: LHB Javier Mejía 0-0: Called Strike
0-1: Swinging Strike
0-2: Ball
1-2: Strikes out swinging
Top of the 4th over - 2 run(s), 2 hit(s), 0 error(s), 3 left on base; Wisconsin Rapids 4 - Barry's Bay 0
BOTTOM OF THE 4TH
Barry's Bay Orioles batting - Pitching for Wisconsin Rapids Rangers : RHP Juan Contreras
Batting: LHB Manuel Pérez 0-0: Foul Ball, location: 2F
0-1: Ball
1-1: Swinging Strike
1-2: Strikes out swinging
Batting: LHB José Rodríguez 0-0: Called Strike
0-1: Foul Ball, location: 2F
0-2: Ball
1-2: SINGLE (Groundball, 34D)
Batting: RHB Jesús Castillo Pickoff Throw to First - Error! E1
José Rodríguez to second
0-0: Ball
1-0: SINGLE (Flyball, 8LS)
José Rodríguez to third
Runner from 3rd tries for Home, SAFE, no throw
Batting: RHB Troy González 0-0: Ball
1-0: Foul Ball, location: 2F
1-1: Ball
2-1: Grounds into double play, 6-4-3 (Groundball, 6)
Bottom of the 4th over - 1 run(s), 2 hit(s), 1 error(s), 0 left on base; Wisconsin Rapids 4 - Barry's Bay 1
TOP OF THE 5TH
Wisconsin Rapids Rangers batting - Pitching for Barry's Bay Orioles : RHP Jesús López
Batting: LHB Luis Rodríguez 0-0: Called Strike
0-1: Swinging Strike
0-2: Strikes out swinging
Batting: SHB Jacob Wilcox 0-0: Called Strike
0-1: Fly out, F8 (Flyball, 8RD)
Batting: RHB Miguel Toro 0-0: Called Strike
0-1: Ball
1-1: Fly out, F8 (Flyball, 8LM)
Top of the 5th over - 0 run(s), 0 hit(s), 0 error(s), 0 left on base; Wisconsin Rapids 4 - Barry's Bay 1
BOTTOM OF THE 5TH
Barry's Bay Orioles batting - Pitching for Wisconsin Rapids Rangers : RHP Juan Contreras
Batting: RHB Santiago Rivera 0-0: Called Strike
0-1: SINGLE (Groundball, 6MD)
Batting: RHB Octávio Aldeguer 0-0: Called Strike
0-1: Swinging Strike
0-2: Strikes out swinging
Batting: LHB Ryan Rheaume 0-0: Ball
1-0: Fly out, F9 (Flyball, 9)
Batting: RHB Bill Pike 0-0: Ball
1-0: Fly out, F2 (Popup, 2L)
Bottom of the 5th over - 0 run(s), 1 hit(s), 0 error(s), 1 left on base; Wisconsin Rapids 4 - Barry's Bay 1
TOP OF THE 6TH
Wisconsin Rapids Rangers batting - Pitching for Barry's Bay Orioles : RHP Jesús López
Batting: RHB Luis López 0-0: DOUBLE (Flyball, 78XD)
Batting: LHB Ronald Gordon 0-0: Foul Ball, location: 2F
0-1: Ball
1-1: Foul Ball, location: 2F
1-2: Foul Ball, location: 2F
1-2: Foul Ball, location: 2F
1-2: Foul Ball, location: 2F
1-2: Foul Ball, location: 2F
1-2: 2-RUN HOME RUN (Flyball, 9LD), Distance : 318 ft
Batting: SHB Martín Medina 0-0: Ball
1-0: Ball
2-0: Ball
3-0: Called Strike
3-1: Base on Balls
Batting: RHB Carlos Miranda 0-0: Ball
Martín Medina is caught stealing 2nd base
1-0: Called Strike
1-1: Foul Ball, location: 2F
1-2: Fly out, F4 (Flyball, 4MD)
Batting: SHB José González 0-0: Ball
1-0: Foul Ball, location: 2F
1-1: Ball
2-1: Foul Ball, location: 2F
2-2: Hit by Pitch
Batting: LHB Javier Mejía 0-0: SINGLE (Groundball, 4MD)
José González to second
Runner from 2nd tries for 3rd, SAFE, throw made to third
Batting: LHB Luis Rodríguez 0-0: Foul Ball, location: 2F
0-1: Ball
1-1: Swinging Strike
1-2: Ball
2-2: Foul Ball, location: 2F
2-2: SINGLE (Flyball, 9S)
José González scores
Javier Mejía to second
Runner from 2nd tries for 3rd, SAFE, throw made to third
Batting: SHB Jacob Wilcox 0-0: SINGLE (Flyball, 9LM)
Javier Mejía scores
Luis Rodríguez to second
Runner from 2nd tries for 3rd, OUT!
Top of the 6th over - 4 run(s), 5 hit(s), 0 error(s), 1 left on base; Wisconsin Rapids 8 - Barry's Bay 1
BOTTOM OF THE 6TH
Barry's Bay Orioles batting - Pitching for Wisconsin Rapids Rangers : RHP Juan Contreras
Batting: SHB Terry Christian 0-0: Called Strike
0-1: Called Strike
0-2: Ball
1-2: Strikes out swinging
Batting: LHB Manuel Pérez 0-0: Ball
1-0: Called Strike
1-1: Ball
2-1: SINGLE (Groundball, 4) (infield hit)
Batting: LHB José Rodríguez 0-0: Called Strike
0-1: SINGLE (Line Drive, 4D)
Manuel Pérez to second
Runner from 2nd tries for 3rd, SAFE, throw made to third
Batting: RHB Jesús Castillo 0-0: Grounds into double play, 6-4-3 (Groundball, 6)
Bottom of the 6th over - 0 run(s), 2 hit(s), 0 error(s), 1 left on base; Wisconsin Rapids 8 - Barry's Bay 1
TOP OF THE 7TH
Wisconsin Rapids Rangers batting - Pitching for Barry's Bay Orioles : RHP Jesús López
Pitching: RHP Ralph Marks
Batting: RHB Miguel Toro 0-0: Ball
1-0: Ground out 6-3 (Groundball, 6)
Batting: RHB Luis López 0-0: Ball
1-0: Foul Ball, location: 2F
1-1: Ball
2-1: Foul Ball, location: 2F
2-2: Ball
3-2: Base on Balls
Batting: LHB Ronald Gordon Balk!
Luis López to second
0-0: Called Strike
0-1: Ball
1-1: Ball
2-1: Ball
3-1: Base on Balls
Batting: SHB Martín Medina 0-0: Called Strike
0-1: Ball
1-1: Swinging Strike
1-2: Fly out, F4 (Popup, 4)
Batting: RHB Carlos Miranda 0-0: Called Strike
0-1: Called Strike
0-2: SINGLE (Line Drive, 89S)
Luis López to third
Ronald Gordon to second
Batting: SHB José González 0-0: Ball
1-0: Called Strike
1-1: Ball
2-1: Foul Ball, location: 2F
2-2: Foul Ball, location: 2F
2-2: Strikes out swinging
Top of the 7th over - 0 run(s), 1 hit(s), 0 error(s), 3 left on base; Wisconsin Rapids 8 - Barry's Bay 1
BOTTOM OF THE 7TH
Barry's Bay Orioles batting - Pitching for Wisconsin Rapids Rangers : RHP Juan Contreras
Pitching: RHP Valentín Mejía
Batting: RHB Troy González 0-0: Foul Ball, location: 2F
0-1: Ball
1-1: Called Strike
1-2: Foul Ball, location: 2F
1-2: Ball
2-2: Fly out, F7 (Flyball, 7)
Batting: RHB Santiago Rivera 0-0: Fly out, F5 (Line Drive, 5S)
Batting: RHB Octávio Aldeguer 0-0: Ball
1-0: SINGLE (Line Drive, 7S)
Batting: LHB Ryan Rheaume 0-0: Ball
Throwing error on steal attempt, E2
Octávio Aldeguer to third
1-0: Foul Ball, location: 2F
1-1: Ball
2-1: Called Strike
2-2: Foul Ball, location: 2F
2-2: Strikes out swinging
Bottom of the 7th over - 0 run(s), 1 hit(s), 1 error(s), 1 left on base; Wisconsin Rapids 8 - Barry's Bay 1
TOP OF THE 8TH
Wisconsin Rapids Rangers batting - Pitching for Barry's Bay Orioles : RHP Ralph Marks
Batting: LHB Javier Mejía 0-0: Swinging Strike
0-1: Ball
1-1: Ground out 1-3 (Groundball, 13)
Batting: LHB Luis Rodríguez 0-0: Fly out, F7 (Flyball, 7LM)
Batting: SHB Jacob Wilcox 0-0: Ball
1-0: Called Strike
1-1: SOLO HOME RUN (Flyball, 9D), Distance : 357 ft
Batting: RHB Miguel Toro 0-0: Called Strike
0-1: Ball
1-1: Fly out, F8 (Flyball, 8LM)
Top of the 8th over - 1 run(s), 1 hit(s), 0 error(s), 0 left on base; Wisconsin Rapids 9 - Barry's Bay 1
BOTTOM OF THE 8TH
Barry's Bay Orioles batting - Pitching for Wisconsin Rapids Rangers : RHP Valentín Mejía
Batting: RHB Bill Pike 0-0: Called Strike
0-1: Swinging Strike
0-2: Strikes out swinging
Batting: SHB Terry Christian 0-0: Foul Ball, location: 2F
0-1: Foul Ball, location: 2F
0-2: Ball
1-2: Ball
2-2: Fly out, F8 (Flyball, 8RM)
Batting: LHB Manuel Pérez 0-0: Ball
1-0: Called Strike
1-1: Ground out 4-3 (Groundball, 4M)
Bottom of the 8th over - 0 run(s), 0 hit(s), 0 error(s), 0 left on base; Wisconsin Rapids 9 - Barry's Bay 1
TOP OF THE 9TH
Wisconsin Rapids Rangers batting - Pitching for Barry's Bay Orioles : RHP Ralph Marks
Batting: RHB Luis López 0-0: Called Strike
0-1: Foul Ball, location: 2F
0-2: SINGLE (Groundball, 2L) (infield hit)
Batting: LHB Ronald Gordon 0-0: Ball
Wild Pitch!
Luis López to second
1-0: Ball
2-0: Called Strike
2-1: Ball
3-1: Called Strike
3-2: Foul Ball, location: 2F
3-2: Base on Balls
Batting: SHB Martín Medina 0-0: Ball
1-0: Swinging Strike
1-1: Called Strike
1-2: Ball
2-2: Foul Ball, location: 2F
2-2: Fielders Choice at 2nd, 6-4 (Groundball, 6)
Luis López to third
Pitching: RHP Herb Parker
Batting: RHB Carlos Miranda 0-0: Called Strike
0-1: Ball
1-1: SINGLE (Groundball, 34S) (infield hit)
Luis López scores
Martín Medina to second
Batting: SHB José González 0-0: Ball
1-0: Ball
2-0: Ball
3-0: Called Strike
3-1: Fielders Choice at 2nd, 5-4 (Groundball, 56)
Martín Medina to third
Batting: LHB Javier Mejía 0-0: Called Strike
0-1: Called Strike
0-2: Ground out U3 (Groundball, 34)
Top of the 9th over - 1 run(s), 2 hit(s), 0 error(s), 2 left on base; Wisconsin Rapids 10 - Barry's Bay 1
BOTTOM OF THE 9TH
Barry's Bay Orioles batting - Pitching for Wisconsin Rapids Rangers : RHP Valentín Mejía
Batting: LHB José Rodríguez 0-0: Ground out 4-3 (Groundball, 4M)
Batting: RHB Jesús Castillo 0-0: Called Strike
0-1: Ball
1-1: Ball
2-1: Called Strike
2-2: Foul Ball, location: 2F
2-2: Strikes out swinging
Batting: RHB Troy González 0-0: Ball
1-0: Called Strike
1-1: Foul Ball, location: 2F
1-2: Strikes out looking
Bottom of the 9th over - 0 run(s), 0 hit(s), 0 error(s), 0 left on base; Wisconsin Rapids 10 - Barry's Bay 1
Thursday, March 30th, 2017 - OOTP Baseball 17.12 Build 75